 Dungeon Crawl Stone Soup version 0.29.1-13-g9f3cf754e1 (webtiles) character file.

Game seed: 13169019259809646361

4052 H0rd4k the Martial Artist (level 10, -1/69 HPs)
             Began as an Octopode Artificer on Jan 25, 2023.
             Was an Initiate of Gozag.
             Slain by Peloso's ghost (16 damage)
             ... on level 3 of the Dungeon.
             The game lasted 00:20:37 (13639 turns).

H0rd4k the Martial Artist (Octopode Artificer)     Turns: 13639, Time: 00:20:38

Health: -1/69      AC:  1    Str: 11    XL:     10   Next: 24%
Magic:  27/27      EV: 13    Int: 22    God:    Gozag
Gold:   50         SH:  5    Dex: 13    Spells: 17/20 levels left

rFire   x . .      SeeInvis +   g - +9 whip of Uncomfortable Rashes {vamp, rPois rN+ Int+4}
rCold   + . .      Faith    .   (no shield)
rNeg    + . .      Spirit   .   (helmet restricted)
rPois   +          Reflect  +   p - amulet of reflection
rElec   .          Harm     .   e - ring of ice
rCorr   .          Rampage  .   A - ring of see invisible
Will    .....                   y - ring of magical power
Stlth   +++.......              (no ring)
HPRegen 0.21/turn               (no ring)
MPRegen 0.20/turn               (no ring)
                                (no ring)
                                (no ring)

@: no status effects
A: almost no armour, amphibious, 8 rings, camouflage 1, gelatinous body 1,
(nimble swimmer 1), tentacles
a: Renounce Religion, Potion Petition, Call Merchant, Bribe Branch


You were on level 3 of the Dungeon.
You worshipped Gozag.
Gozag was noncommittal.
You visited 2 branches of the dungeon, and saw 11 of its levels.
You also visited: Sewer and Ossuary.

You collected 447 gold pieces.
You spent 202 gold pieces at shops.
You paid 195 gold pieces to Gozag.

Inventory:

Hand Weapons
 g - the +9 whip of Uncomfortable Rashes (weapon) {vamp, rPois rN+ Int+4}
   (You bought it in a shop on level 5 of the Dungeon)

   It occasionally heals its wielder for a portion of the damage dealt when it
   wounds a living foe.
   Int:       It affects your intelligence (+4).
   rPois:     It protects you from poison.
   rN:        It protects you from negative energy.
 v - a +4 long sword
Missiles
 k - 6 poisoned darts
Jewellery
 e - a ring of ice (left tentacle)
 l - an amulet of guardian spirit
 p - an amulet of reflection (around mantle)
 y - a ring of magical power (on tentacle)
 A - a ring of see invisible (right tentacle)
Wands
 b - a wand of flame (11) (quivered)
 c - a wand of polymorph (10)
 d - a wand of iceblast (12)
Scrolls
 f - 2 scrolls of immolation
 m - a scroll of blinking
 n - 2 scrolls of poison
 o - a scroll of enchant armour
 q - 2 scrolls of identify
 s - 4 scrolls of teleportation
 x - 2 scrolls of amnesia
 E - a scroll of fear
Potions
 a - a potion of heal wounds
 h - 2 potions of haste {unknown}
 i - 5 potions of attraction
 j - 5 potions of mutation
 r - a potion of brilliance {unknown}
 t - 4 potions of curing
 u - a potion of invisibility
 w - 4 potions of magic {unknown}
 z - 2 potions of berserk rage {unknown}
 B - 2 potions of resistance {unknown}
 D - 4 potions of cancellation {unknown}
 H - a potion of degeneration {unknown}


   Skills:
 + Level 6.7 Fighting
 + Level 3.8 Throwing
 - Level 2.3 Dodging
 - Level 1.3 Stealth
 + Level 2.9 Shields
 - Level 9.9 Unarmed Combat
 * Level 5.6 Spellcasting
 * Level 0.1 Air Magic
 - Level 3.2 Evocations


You had 17 spell levels left.
You knew the following spells:

 Your Spells              Type           Power      Damage    Failure   Level
a - Swiftness             Air            6%         N/A       26%         3

Your spell library contained the following spells:

 Spells                   Type           Power      Damage    Failure   Level
 Apportation              Tloc           12%        N/A       10%         1
 Necrotise                Necr           24%        1d5       10%         1
 Summon Small Mammal      Summ           24%        N/A       10%         1
 Ensorcelled Hibernation  Hex/Ice        18%        N/A       14%         2
 Passwall                 Tmut/Erth      5%         N/A       14%         2
 Tukima's Dance           Hex            6%         N/A       28%         3
 Passage of Golubria      Tloc           6%         N/A       67%         4
 Yara's Violent Unravell  Hex/Tmut       3%         3d4       95%         5


Dungeon Overview and Level Annotations

Branches:
Dungeon (10/15)            Temple (1/1) D:7           Sewer (visited)
Ossuary (visited)
   Lair: D:8-11         Orc: D:9-12

Altars:
Ashenzari
Cheibriados
Dithmenos
Elyvilon
Fedhas
Gozag
Hepliaklqana
Kikubaaqudgha
Makhleb
Okawaru
Qazlal
Ru
Sif Muna
Trog
Vehumet
Wu Jian
Xom
Yredelemnul
Zin
The Shining One

Shops:
D:5 (   D:6 :

Annotations:
D:3 exclusion: 3 doors, Peloso's ghost, amateur MiFi
D:4 3 runed translucent doors, exclusion: 3 doors, kalagan's ghost, novice DECj
D:5 exclusion: downstairs
D:6 exclusion: downstairs
D:9 exclusion: elephant


Innate Abilities, Weirdness & Mutations

You cannot wear most types of armour.
You are amphibious.
You can wear up to eight rings at the same time.
Your skin changes colour to match your surroundings (Stealth+).
Your rubbery body absorbs attacks. (AC +1, EV +1)
((You are camouflaged when in or above water. (Stealth+)))
You have tentacles for arms and can constrict up to eight enemies at once.


Message History

You whack Peloso's ghost!
Your tentacle-slap misses Peloso's ghost.
You squeeze Peloso's ghost, but do no damage.
Peloso's ghost is lightly damaged.
You block Peloso's ghost's attack.
You whack Peloso's ghost! You tentacle-slap Peloso's ghost.
Your squeeze misses Peloso's ghost.
Peloso's ghost is heavily damaged.
Peloso's ghost hits you!
You barely miss Peloso's ghost.
Peloso's ghost is heavily damaged.
You block Peloso's ghost's attack.
You hit Peloso's ghost but do no damage.
Your squeeze misses Peloso's ghost.
Peloso's ghost is heavily damaged.
Peloso's ghost hits you.
You hit Peloso's ghost.
Your tentacle-slap misses Peloso's ghost.
Peloso's ghost is heavily damaged.
Peloso's ghost closely misses you.
You hit Peloso's ghost.
Peloso's ghost is heavily damaged.
Peloso's ghost hits you.
You hit Peloso's ghost but do no damage.
Peloso's ghost is heavily damaged.
Peloso's ghost hits you.
You whack Peloso's ghost!
Peloso's ghost is severely damaged.
Peloso's ghost hits you!
* * * LOW HITPOINT WARNING * * *
You hit Peloso's ghost.
Your tentacle-slap misses Peloso's ghost.
Peloso's ghost is almost destroyed.
Peloso's ghost shrieks, "You will never get the ORB!"
Peloso's ghost barely misses you.
You hit Peloso's ghost but do no damage.
Peloso's ghost is almost destroyed.
Peloso's ghost closely misses you. Peloso's ghost hits you!
You die...
Your body crumbles into a pile of gold.

.#.###.....#####.# #.#
§§...§§..#.#####.####### #.#
≈≈≈§≈§≈.......)........####.#
§§...§§§##.#####.#........#.#
###.#.≈.###...##.#.###.##.#.#
#...#.≈.# #...##.#..##.##.#.#
#._.#.≈.###...##.#..##.##.#.# ###
#...#.≈.'.'...'.<...........###.#
#.###...###...##@#...#...........
......≈.# #...##W#...#..#..####.#
§≈≈≈≈≈§)# #.####.#...#..#..# #.#
.....§§§# #.# #.#...#..#..####.#
........###.# #................#
.#.....#....# #.....#..#..####.#
.#.#.###....####.....#..........#
.....###............W##.#..######
.#.###.'.....#####......#..###


You could see Peloso's ghost.

Vanquished Creatures
  Sigmund (D:5)
  5 yaks
  A steam dragon (D:8)
  2 wyverns (D:7)
  Edmund (D:5)
  An orc warrior (D:8)
  2 black bears
  An ogre (D:6)
  3 centaurs
  2 bullfrogs (D:8)
  2 gnoll sergeants
  4 scorpions
  12 wights
  A howler monkey (D:5)
  2 orc priests
  2 hounds (D:5)
  An iguana (D:6)
  5 orc wizards
  2 mummies (Ossuary)
  13 gnolls
  9 adders
  5 river rats
  A hound simulacrum (D:3)
  8 adder zombies (Ossuary)
  A worm (D:2)
  7 dart slugs
  21 orcs
  9 endoplasms
  5 giant cockroaches
  A gnoll zombie (Ossuary)
  7 goblins
  10 hobgoblins
  4 jackals (D:2)
  2 quokkas
  13 ball pythons
  9 bats
  6 frilled lizards
  6 hobgoblin zombies (Ossuary)
  11 kobolds
  5 kobold zombies (Ossuary)
  3 orc zombies (Ossuary)
  A quokka zombie (D:5)
  17 rats
  A rat zombie (D:5)
225 creatures vanquished.

Vanquished Creatures (collateral kills)
  An ogre (D:4)
  An orc wizard (D:4)
  An adder (Sewer)
  3 orcs (D:4)
  3 rats (Sewer)
9 creatures vanquished.

Vanquished Creatures (others)
  Pikel (D:5)
  A human (D:4)
  An orc wizard (D:6)
  A worm (D:4)
4 creatures vanquished.

Grand Total: 238 creatures vanquished

Notes
Turn   | Place    | Note
-------+----------+-------------------------------------------
     0 | D:1      | H0rd4k the Octopode Artificer began the quest for the Orb.
     0 | D:1      | Reached XP level 1. HP: 13/13 MP: 1/1
   361 | D:1      | Reached XP level 2. HP: 14/18 MP: 3/3
   507 | D:1      | Reached skill level 1 in Spellcasting
  1332 | D:1      | Reached XP level 3. HP: 23/24 MP: 4/4
  1642 | D:2      | Found a hazy altar of Hepliaklqana.
  1648 | D:2      | Reached skill level 1 in Unarmed Combat
  2077 | D:2      | Reached XP level 4. HP: 30/30 MP: 6/6
  2662 | D:2      | Reached skill level 2 in Unarmed Combat
  2856 | D:2      | Found a faded altar of an unknown god.
  2926 | D:3      | Found a shadowy altar of Dithmenos.
  2985 | D:3      | Found a runed translucent gate.
  2985 | D:3      | Found a runed translucent gate.
  2985 | D:3      | Found a runed translucent gate.
  3072 | D:3      | Found a glowing drain.
  3086 | Sewer    | Entered a sewer
  3233 | Sewer    | Reached XP level 5. HP: 35/35 MP: 8/8
  3924 | Sewer    | Reached skill level 3 in Unarmed Combat
  4291 | D:3      | Noticed Peloso's ghost (amateur MiFi)
  5135 | D:4      | Reached XP level 6. HP: 42/42 MP: 9/9
  5178 | D:4      | Found a runed translucent gate.
  5178 | D:4      | Found a runed translucent gate.
  5181 | D:4      | Found a runed translucent gate.
  5184 | D:4      | Noticed kalagan's ghost (novice DECj)
  5240 | D:4      | Reached skill level 4 in Unarmed Combat
  5482 | D:4      | Found a burning altar of Makhleb.
  5699 | D:4      | Found an ancient bone altar of Kikubaaqudgha.
  5703 | D:4      | Noticed a human
  5705 | D:4      | Killed a human
  5853 | D:5      | Entered Level 5 of the Dungeon
  5938 | D:5      | Reached XP level 7. HP: 44/46 MP: 11/11
  5952 | D:5      | Reached skill level 1 in Shields
  5952 | D:5      | Reached skill level 5 in Unarmed Combat
  6052 | D:5      | Noticed Sigmund
  6096 | D:5      | Found a sand-covered staircase.
  6122 | Ossuary  | Entered an ossuary
  6528 | D:5      | Noticed Edmund
  6565 | D:5      | Noticed Pikel
  6590 | D:5      | Your ally Pikel died
  6595 | D:5      | Killed Edmund
  6752 | D:5      | Found Qeucsipn's Antique Weapon Boutique.
  6955 | D:5      | Reached skill level 6 in Unarmed Combat
  6996 | D:5      | Killed Sigmund
  6997 | D:5      | Reached skill level 1 in Throwing
  6997 | D:5      | Reached XP level 8. HP: 54/54 MP: 13/13
  7287 | D:6      | Found Biycw's Vocational Training.
  7706 | D:6      | Reached skill level 7 in Unarmed Combat
  8693 | D:6      | Found a white marble altar of Elyvilon.
  9335 | D:7      | Found a staircase to the Ecumenical Temple.
  9345 | Temple   | Entered the Ecumenical Temple
  9477 | D:7      | Noticed a wyvern
  9483 | D:7      | Killed a wyvern
  9709 | D:7      | You fall into a shaft and drop 3 floors!
  9709 | D:10     | Entered Level 10 of the Dungeon
  9813 | D:9      | Noticed an elephant
  9896 | D:8      | Reached skill level 5 in Fighting
  9896 | D:8      | Reached XP level 9. HP: 14/61 MP: 15/15
 10281 | D:8      | Reached skill level 8 in Unarmed Combat
 10356 | D:8      | Found a glowing golden altar of the Shining One.
 11012 | D:8      | Noticed a centaur warrior
 11071 | D:7      | Found a shimmering altar of Xom.
 11326 | D:7      | Reached skill level 5 in Spellcasting
 11335 | D:7      | HP: 3/62 [wight/+4 dagger (5)]
 11602 | D:7      | Reached skill level 9 in Unarmed Combat
 12225 | D:6      | Reached XP level 10. HP: 69/69 MP: 16/18
 13109 | D:9      | HP: 2/69 [gnoll/+0 spear[a gnoll sergeant] (8)]
 13183 | D:9      | Found an opulent altar of Gozag.
 13188 | D:9      | Became a worshipper of Gozag Ym Sagoz the Greedy
 13240 | D:9      | Found an iron altar of Okawaru.
 13411 | D:5      | Bought a crude whip for 202 gold pieces
 13411 | D:5      | Identified the +9 whip of Uncomfortable Rashes {vamp, rPois
                  | rN+ Int+4} (You bought it in a shop on level 5 of the
                  | Dungeon)
 13419 | D:5      | Learned a level 3 spell: Swiftness
 13639 | D:3      | Slain by Peloso's ghost

Illustrated notes

Levels and vault maps discovered:
D:1:      scummos_arrival_gate, layout_loops_cross
D:2:      layout_loops_cross, basic_altar,
          hellmonk_ecumenical_altar_inner_sanctum
D:3:      layout_basic, mainiacjoe_overflow_brackets, portal_sewer_entry_e,
          gammafunk_ghost_icy, amcnicky_mini_corridor_feature,
          minmay_increasing_density
D:4:      layout_rooms, tgw_kikubaaqudgha, lemuel_doored_altar,
          gammafunk_ghost_necromancy
D:5:      layout_loops_corners, serial_shops, nicolae_stop_n_shop_1,
          enter_ossuary_4, item_on_display_a, uniq_edmund, uniq_sigmund,
          uniq_pikel
D:6:      layout_layer_cave, mainiacjoe_overflow_catwalk,
          nicolae_shop_vocational
D:7:      layout_loops_cross, lemuel_tele_altar, minmay_temple_entry_crystal_x
D:8:      layout_basic, mainiacjoe_overflow_alcove_1,
          onia_ninara_dug_in_and_dangerous
D:9:      layout_roguey, mainiacjoe_overflow_alcove_4,
          mainiacjoe_overflow_two_lobes, david_lair_generic, serial_shops,
          nicolae_shop_behind_doors, minmay_misc_feat_enclosed, nrook_campfire,
          minmay_misc_feat_iff, grunt_ministairs_5, uniq_erolcha, uniq_harold
D:10:     layout_long_grid, marbit_many_paths
Temple:   nicolae_temple_bog_church

Skill      XL: |  1  2  3  4  5  6  7  8  9 |
---------------+----------------------------+-----
Spellcasting   | 1 2 3 4 5 |  5.6
Fighting       | 2 3 4 5 6 |  6.7
Unarmed Combat | 1 2 3 4 6 7 9 |  9.9
Shields        | 1 2 |  2.9
Throwing       | 1 2 3 |  3.8
Dodging        | |  2.3
Stealth        | |  1.3
Air Magic      | |  0.1
Evocations     | |  3.2

Action                   |  1- 3 |  4- 6 |  7- 9 | 10-12 || total
-------------------------+-------+-------+-------+-------++-------
Melee: Unarmed           |   105 |   215 |   251 |    36 ||   607
       Constrict         |    32 |    53 |    68 |     6 ||   159
       Tentacles         |    20 |    47 |    68 |     6 ||   141
       Punch             |       |    10 |    14 |     4 ||    28
       Whip              |       |       |       |    14 ||    14
Throw: Dart              |       |       |    35 |       ||    35
Evoke: Wand              |       |     7 |    31 |    28 ||    66
  Use: Scroll            |       |     5 |    13 |       ||    18
       Potion            |       |       |     5 |     2 ||     7
 Stab: Sleeping          |    11 |    22 |     6 |     1 ||    40
       Distracted        |       |       |     1 |       ||     1
Armor: Skin              |     9 |     7 |    12 |     5 ||    33
Dodge: Dodged            |    76 |   112 |   149 |    26 ||   363
Block: Other             |       |    26 |    58 |     9 ||    93
       Reflection        |       |       |     3 |       ||     3
